 Dungeon Crawl Stone Soup version 0.32-a0-20-ge526923d97 (webtiles) character file.

Game seed: 11228839806570607916

82 jasper the Digger (level 4, -2/33 HPs)
             Began as a Demonspawn Earth Elementalist on Jan 17, 2024.
             Slain by Terence
             ... wielding a +1 heavy mace
              (9 damage)
             ... on level 2 of the Dungeon.
             The game lasted 00:02:25 (1248 turns).

jasper the Digger (Demonspawn Earth Elementalist)   Turns: 1248, Time: 00:02:25

Health: -2/33      AC:  3    Str:  9    XL:     4   Next: 21%
Magic:  0/7        EV: 12    Int: 17    God:
Gold:   65         SH:  0    Dex: 13    Spells: 3/7 levels left

rFire   . . .        f - +0 spear
rCold   . . .        (no shield)
rNeg    . . .        a - +0 robe
rPois   .            l - +0 helmet
rElec   .            (no cloak)
rCorr   .            (no gloves)
SInv    .            (no boots)
Will    .....        (no amulet)
Stlth   ++           j - +4 ring of slaying
HPRegen 0.25/turn    (no ring)
MPRegen 0.20/turn

%: guardian spirit
@: no status effects
A: magic shield, magic regeneration
a: no special abilities


You were on level 2 of the Dungeon.
You visited 1 branch of the dungeon, and saw 2 of its levels.

You collected 65 gold pieces.

Inventory:

Hand Weapons
 c - a +0 dagger
 f - a +0 spear (weapon)
Armour
 a - a +0 robe (worn)
 l - a +0 helmet (worn)
Jewellery
 j - a +4 ring of slaying (left hand)
Scrolls
 e - a scroll of enchant armour {unknown}
 k - a scroll of immolation {unknown}
Potions
 d - a potion of curing {unknown}
 g - a potion of berserk rage {unknown}
 h - 3 potions of heal wounds {unknown}
 i - 2 potions of ambrosia {unknown}


   Skills:
 + Level 2.1 Fighting
 - Level 1.7 Dodging
 - Level 1.7 Stealth
 - Level 2.0 Spellcasting
 - Level 1.0 Conjurations
 * Level 4.1 Earth Magic


You had 3 spell levels left.
You knew the following spells:

 Your Spells              Type           Power      Damage    Failure   Level
a - Sandblast             Erth           30%        2d9       3%          1
b - Passwall              Erth           15%        N/A       11%         3

Your spell library contained the following spells:

 Spells                   Type           Power      Damage    Failure   Level
 Stone Arrow              Conj/Erth      20%        3d8       21%         3
 Tukima's Dance           Hex            1%         N/A       50%         3
 Brom's Barrelling Bould  Conj/Erth      10%        2d3       56%         4
 Petrify                  Alch/Erth      8%         N/A       63%         4
 Passage of Golubria      Tloc           1%         N/A       88%         4
 Yara's Violent Unravell  Hex/Alch       0%         3d3       99%         5


Dungeon Overview and Level Annotations

Branches:
Dungeon (2/15)

Altars:

Annotations:
D:2 Terence


Innate Abilities, Weirdness & Mutations

When hurt, damage is shared between your health and your magic reserves.
You regenerate magic rapidly.


Message History

Press: ? - help, Q - select action Shift-Dir - straight line, f/p - Terence
Aim: Terence, wielding a +1 heavy mace and wearing a +0 ring mail (heavily wounded, 84% to hit)
The blast of sand hits Terence but does no damage.
Terence is heavily wounded.
Terence closely misses you.
Aiming: Sandblast (safe; 3% risk of failure)
Press: ? - help, Q - select action Shift-Dir - straight line, f/p - Terence
Aim: Terence, wielding a +1 heavy mace and wearing a +0 ring mail (heavily wounded, 84% to hit)
The blast of sand hits Terence.
Terence is severely wounded.
Terence barely misses you.
You now have 0/7 mp.
You hit Terence.
Terence is severely wounded.
Terence hits you with a +1 heavy mace.
You take 1 damage, and have 28/33 hp.
You barely miss Terence.
Terence is severely wounded.
Terence hits you with a +1 heavy mace!
You take 10 damage, and have 18/33 hp.
MASSIVE DAMAGE!!
You closely miss Terence.
Terence is severely wounded.
Aiming: Sandblast (safe; 3% risk of failure)
Press: ? - help, Q - select action Shift-Dir - straight line, f/p - Terence
Aim: Terence, wielding a +1 heavy mace and wearing a +0 ring mail (severely wounded, 84% to hit)
The blast of sand hits Terence.
Terence is almost dead.
Terence hits you with a +1 heavy mace!
* * * LOW HITPOINT WARNING * * *
You take 11 damage, and have 7/33 hp.
MASSIVE DAMAGE!!
You now have 0/7 mp.
Magic courses through your body. Terence misses you.
MP restored: 7
Aiming: Sandblast (safe; 3% risk of failure)
Press: ? - help, Q - select action Shift-Dir - straight line, f/p - Terence
Aim: Terence, wielding a +1 heavy mace and wearing a +0 ring mail (almost dead, 84% to hit)
The blast of sand hits Terence but does no damage.
Terence is almost dead.
Terence hits you with a +1 heavy mace!
You die...
Terence says, "That felt goooood."

#...........#
#........†..#
#.....).....#
.......#.####
.......#.############
....†..#.##.......#.#
.......#+##.######.#
............#
##.#...#
..........###
#@##.......
..........###
#.#@..####..
..).........##.#
.......
.......####.#.#
.##..## #.#..### .##
## #... #.#..# # ###
#.#..# .....# #.##.#


You could see Terence.

Vanquished Creatures
  Robin (D:2)
  A dart slug (D:1)
  A ribbon worm (D:2)
  4 ball pythons (D:1)
  4 bats (D:1)
  4 endoplasms
  2 giant cockroaches (D:1)
  9 goblins
  9 hobgoblins
  8 jackals (D:1)
  4 kobolds
  2 quokkas (D:1)
  A frilled lizard (D:1)
  7 rats (D:1)
57 creatures vanquished.

Notes
Turn   | Place    | Note
-------+----------+-------------------------------------------
     0 | D:1      | jasper the Demonspawn Earth Elementalist began the quest
                  | for the Orb.
     0 | D:1      | Reached XP level 1. HP: 13/13 MP: 3/3
   206 | D:1      | Reached skill level 3 in Earth Magic
   252 | D:1      | Gained mutation: You regenerate magic rapidly. [demonic
                  | ancestry]
   252 | D:1      | Reached XP level 2. HP: 20/20 MP: 1/5
   362 | D:1      | Reached skill level 1 in Fighting
   587 | D:1      | Gained mutation: When hurt, damage is shared between your
                  | health and your magic reserves. [demonic ancestry]
   587 | D:1      | Reached XP level 3. HP: 26/26 MP: 1/6
   595 | D:1      | Learned a level 3 spell: Passwall
   785 | D:1      | Found a faded altar of an unknown god.
  1108 | D:2      | Noticed Robin
  1126 | D:2      | Killed Robin
  1127 | D:2      | Reached skill level 4 in Earth Magic
  1127 | D:2      | Reached XP level 4. HP: 28/33 MP: 1/7
  1235 | D:2      | Noticed Terence
  1248 | D:2      | Slain by Terence

Illustrated notes

Levels and vault maps discovered:
D:1:      saegor_arrival_simple_d, layout_basic,
          shapermc_ecumenical_altar_pompeii
D:2:      wad_crossroads, layout_basic, uniq_robin, uniq_terence,
          uniq_crazy_yiuf_cottage

Skill      XL: |  1  2  3 |
---------------+----------+-----
Earth Magic    | 3 4 |  4.1
Fighting       | 1 2 |  2.1
Dodging        | |  1.7
Stealth        | |  1.7
Spellcasting   | |  2.0
Conjurations   | |  1.0

Action                     |  1- 3 |  4- 6 || total
---------------------------+-------+-------++-------
  Melee: Dagger            |     5 |       ||     5
         Spear             |    10 |    13 ||    23
   Cast: Sandblast         |    70 |    17 ||    87
    Use: Potion            |       |     1 ||     1
 Armour: Robe              |    23 |    10 ||    33
  Dodge: Dodged            |    28 |    10 ||    38

Table legend: (Time is in decaauts)
 A = Elapsed time spent in this place.
 B = Non-inter-level travel time spent in this place.
 C = Inter-level travel time spent in this place.
 D = Time resting spent in this place.
 E = Time spent auto-exploring this place.
 F = Levels seen in this place.
 G = Mean time per level.
                   A        B        C        D        E       F      G
               +--------+--------+--------+--------+--------+-----+--------+
         Total |   1292 |   1274 |     18 |      0 |    953 |   2 |  646.0 |
       Dungeon |   1292 |   1274 |     18 |      0 |    953 |   2 |  646.0 |
               +--------+--------+--------+--------+--------+-----+--------+

Top non-repeatable levels by time:
     D:1: 1024 daAuts
     D:2: 268 daAuts
